AoeStats
← 京城猛1简隋英

Arena

506385439Analyzed
4v4 RM · 18d ago on Sep 13, 2026· 47m 28s· 8 players
Game mode
Random Map
Map size
Large (8 player)
Population
200
Speed
Normal
Resources
Standard
Victory
Conquest
Starting age
Dark Age
Ending age
Imperial Age
RankedLock teamsTeams togetherTeam positionsShared explorationLock speedFull tech treeHidden civsTurbo modeCheats
Victory
Defeat
🇫🇷 Franks · France
979
+16
🇨🇦 Goths · Canada
964
+17
🇨🇳 Celts · China
956
+17
🇨🇿 Hindustanis · Czechia
937
+18
🇨🇳 Persians · China
1049
-19
🇨🇳 Bohemians · China
978
-17
🇨🇳 Chinese · China
966
-16
🇨🇳 Goths · China
947
-34
MarieBrutale
8:28 Loom
12:07 Feudal Age
13:11 Double-Bit Axe
14:07 Wheelbarrow
16:43 Castle Age
14:50 Horse Collar
20:11 Bow Saw
20:06 Heavy Plow
21:54 Scale Mail Armor
23:18 Forging
26:59 Chain Mail Armor
27:20 Gold Mining
29:25 Hand Cart
31:16 Iron Casting
33:54 Imperial Age
32:48 Man-at-Arms
32:48 Pikeman
33:29 Squires
33:43 Long Swordsman
34:35 Perfusion
35:08 Crop Rotation
35:40 Two-Man Saw
34:06 Halberdier
35:16 Conscription
34:20 Two-Handed Swordsman
34:48 Champion
36:53 Blast Furnace
36:16 Stone Mining
36:54 Sappers
38:14 Fletching
38:57 Coinage
38:28 Town Watch
40:56 Bodkin Arrow
43:16 Banking
42:57 Guilds
42:59 Town Patrol
43:04 Bracer
46:36 Anarchy
45:57 Elite Huskarl
GROS
12:52 Feudal Age
17:33 Castle Age
16:03 Stone Mining
16:14 Double-Bit Axe
17:16 Gold Mining
28:48 Imperial Age
29:48 Husbandry
32:19 Cavalier
35:20 Murder Holes
35:46 Ballistics
lutadorCZ
10:54 Feudal Age
15:15 Castle Age
18:53 Fletching
19:16 Loom
22:18 Wheelbarrow
21:28 Town Watch
21:38 Double-Bit Axe
21:37 Horse Collar
25:35 Gold Mining
26:00 Bow Saw
25:53 Heavy Plow
29:57 Imperial Age
27:49 Scale Mail Armor
28:33 Padded Archer Armor
28:58 Bodkin Arrow
29:30 Ballistics
30:10 Thumb Ring
32:23 Chemistry
31:57 Bracer
33:21 Siege Engineers
34:32 Conscription
35:21 Leather Archer Armor
35:35 Hand Cart
36:00 Masonry
36:12 Shatagni
39:23 Grand Trunk Road
40:40 Ring Archer Armor
41:05 Gold Shaft Mining
46:47 Pikeman
47:27 Squires
47:45 Chain Mail Armor
47:40 Forging
DreamDusty
13:06 Feudal Age
14:05 Double-Bit Axe
16:50 Castle Age
19:39 Bow Saw
19:10 Horse Collar
19:57 Heavy Plow
21:09 Wheelbarrow
21:10 Heavy Plow
22:11 Gold Mining
23:20 Man-at-Arms
24:20 Long Swordsman
25:31 Forging
27:34 Iron Casting
29:47 Scale Mail Armor
34:14 Imperial Age
32:00 Hand Cart
32:04 Chain Mail Armor
31:41 Fletching
31:52 Padded Archer Armor
32:06 Gambesons
32:50 Arson
34:00 Caravan
34:16 Stronghold
34:43 Capped Ram
34:53 Two-Handed Swordsman
36:36 Blast Furnace
36:06 Plate Mail Armor
36:16 Siege Engineers
36:25 Masonry
35:55 Treadmill Crane
36:36 Ballistics
36:38 Conscription
36:30 Furor Celtica
36:58 Guilds
37:54 Gold Shaft Mining
36:50 Champion
37:27 Loom
38:13 Town Watch
38:17 Siege Ram
41:33 Onager
42:48 Siege Onager
44:21 Bodkin Arrow
44:41 Leather Archer Armor
10m的插线板
11:09 Feudal Age
10:53 Loom
11:39 Loom
15:07 Castle Age
13:10 Double-Bit Axe
15:47 Horse Collar
17:28 Bow Saw
31:15 Imperial Age
28:47 Pikeman
29:27 Squires
31:23 Chemistry
30:23 Treadmill Crane
31:29 Wagenburg Tactics
31:37 Padded Archer Armor
31:48 Forging
31:42 Scale Mail Armor
33:50 Halberdier
36:09 Siege Engineers
37:27 Elite Hussite Wagon
39:24 Fortified Wall
43:26 Wheelbarrow
45:30 Man-at-Arms
46:25 Forging
46:30 Chain Mail Armor
46:09 Long Swordsman
47:03 Heavy Plow
48:05 Two-Man Saw
46:52 Two-Handed Swordsman
麦芽
9:50 Feudal Age
11:05 Double-Bit Axe
15:34 Castle Age
13:32 Horse Collar
16:10 Bow Saw
17:40 Wheelbarrow
19:41 Gold Mining
23:21 Heavy Plow
24:53 Hand Cart
24:49 Stone Mining
29:23 Imperial Age
34:25 Crop Rotation
35:11 Two-Man Saw
34:50 Elite War Elephant
36:40 Gold Shaft Mining
36:25 Loom
36:48 Husbandry
36:58 Bloodlines
37:02 Forging
36:58 Scale Barding Armor
38:58 Iron Casting
39:22 Chain Barding Armor
39:56 Conscription
40:43 Blast Furnace
39:53 Capped Ram
43:29 Plate Barding Armor
京城猛1简隋英
12:49 Feudal Age
11:05 Loom
17:20 Castle Age
16:29 Double-Bit Axe
19:24 Horse Collar
20:35 Gold Mining
22:23 Heavy Plow
28:57 Imperial Age
28:33 Anarchy
29:53 Scale Mail Armor
30:13 Perfusion
31:49 Crop Rotation
31:35 Bow Saw
33:12 Elite Huskarl
34:12 Chain Mail Armor
34:41 Conscription
34:39 Squires
34:02 Pikeman
34:51 Halberdier
36:55 Forging
37:08 Fervor
38:11 Iron Casting
好久不见丶
9:36 Feudal Age
16:10 Castle Age
Connection lost

Rejoining the realm…

Still unreachable

The connection could not be restored.

Session expired

The server has moved on; the page needs a fresh start.